 Dungeon Crawl Stone Soup version 0.31-a0-237-g2d982f9f85 (webtiles) character file.

Game seed: 5072863220314170515

103 qw the Shooter (level 4, -2/36 HPs)
             Began as a Minotaur Hexslinger on July 11, 2023.
             Slain by a gnoll
             ... wielding a +0 spear
              (8 damage)
             ... on level 2 of the Dungeon.
             The game lasted 00:00:19 (886 turns).

qw the Shooter (Minotaur Hexslinger)                 Turns: 886, Time: 00:00:20

Health: -2/36      AC:  2    Str: 12    XL:     4   Next: 51%
Magic:  4/4        EV: 12    Int: 10    God:
Gold:   20         SH:  0    Dex: 15    Spells: 4/5 levels left

rFire   + . .        Y - +2 sling
rCold   + . .        (no shield)
rNeg    . . .        c - +0 robe
rPois   .            (helmet restricted)
rElec   .            (no cloak)
rCorr   +            (no gloves)
SInv    +            (no boots)
Will    .....        g - amulet of regeneration
Stlth   +            i - ring of resist corrosion
HPRegen 1.06/turn    j - ring of see invisible
MPRegen 0.09/turn

%: no passive effects
@: no status effects
A: horns 2, retaliatory headbutt, talons 1, cold resistance 1, fire resistance 1
a: no special abilities


You were on level 2 of the Dungeon.
You visited 1 branch of the dungeon, and saw 2 of its levels.

You collected 20 gold pieces.


Innate Abilities, Weirdness & Mutations

You have a pair of horns on your head.
You reflexively headbutt those who attack you in melee.
You have sharp toenails.
Your flesh is cold resistant. (rC+)
Your flesh is heat resistant. (rF+)


   Skills:
 + Level 2.0 Fighting
 - Level 5.1 Ranged Weapons
 - Level 2.1 Dodging
 - Level 1.0 Spellcasting
 - Level 2.0 Hexes


You had 4 spell levels left.
You knew the following spells:

 Your Spells              Type           Power      Damage    Failure   Level
a - Slow                  Hex            16%        N/A       16%         1

Your spell library contained the following spells:

 Spells                   Type           Power      Damage    Failure   Level
 Inner Flame              Hex/Fire       2%         N/A       56%         3
 Portal Projectile        Hex/Tloc       4%         N/A       56%         3
 Cause Fear               Hex            2%         N/A       83%         4

Inventory:

Hand Weapons
 Y - a +2 sling (weapon)
Armour
 c - a +0 robe (worn)
Jewellery
 g - an amulet of regeneration (around neck)
 i - a ring of resist corrosion (left hand)
 j - a ring of see invisible (right hand)
Scrolls
 a - 2 scrolls of identify
 b - a scroll of teleportation {unknown}
 d - a scroll of brand weapon {unknown}
 k - a scroll of enchant armour
Potions
 e - a potion of mutation

Dungeon Overview and Level Annotations

Branches:
Dungeon (2/15)

Altars:


Message History

You hear a shout!
The gnoll hits you with a +0 club.
You shoot a sling bullet.
The sling bullet barely misses the gnoll.
The gnoll closely misses you.
You shoot a sling bullet. The sling bullet hits the gnoll.
You kill the gnoll!
You shoot a sling bullet.
The sling bullet hits the gnoll but does no damage.
The gnoll misses you. The gnoll hits you with a +0 club!
You shoot a sling bullet. The sling bullet hits the gnoll.
The gnoll is lightly wounded.
The gnoll barely misses you. The gnoll hits you with a +0 club.
You shoot a sling bullet.
The sling bullet closely misses the gnoll.
The gnoll hits you from afar with a +0 spear!
The gnoll closely misses you. The gnoll misses you.
The gnoll hits you from afar with a +0 spear.
You shoot a sling bullet. The sling bullet hits the gnoll!
The gnoll is almost dead.
The gnoll hits you from afar with a +0 spear.
The gnoll closely misses you. You furiously retaliate!
You headbutt the gnoll.
You kill the gnoll!
Your Ranged Weapons skill increases to level 5!
You shoot a sling bullet.
The sling bullet hits the gnoll but does no damage.
The gnoll hits you from afar with a +0 spear.
You shoot a sling bullet.
The sling bullet hits the gnoll but does no damage.
The gnoll hits you from afar with a +0 spear.
You shoot a sling bullet.
The sling bullet barely misses the gnoll.
The gnoll hits you from afar with a +0 spear.
You shoot a sling bullet. The sling bullet hits the gnoll.
The gnoll is lightly wounded.
The gnoll hits you from afar with a +0 spear.
You shoot a sling bullet. The sling bullet hits the gnoll.
The gnoll is heavily wounded.
The gnoll hits you from afar with a +0 spear!
You die...

#)# ##.###.##
#.########...##
##.#...........###
#....#######.#.##.
#..#########.#.##.
#.[..........#.##.
#.############.##. #.#
#.... #@# ####. #)#
########.
........g..ggg...(......
#######.###############.
#.# ## #.# #.. ###


You could see a gnoll.

Vanquished Creatures
  A scorpion (D:2)
  2 gnolls (D:2)
  A dart slug (D:1)
  A ball python (D:1)
  5 bats
  3 endoplasms
  A giant cockroach (D:1)
  A goblin (D:1)
  2 hobgoblins (D:1)
  A kobold (D:1)
  A quokka (D:1)
  A rat (D:1)
20 creatures vanquished.

Notes
Turn   | Place    | Note
-------+----------+-------------------------------------------
     0 | D:1      | qw the Minotaur Hexslinger began the quest for the Orb.
     0 | D:1      | Reached XP level 1. HP: 16/16 MP: 1/1
     0 | D:1      | 0 ||| qw: Version: 0.3-a-52-g30416fa
     0 | D:1      | 0 ||| qw: Game counter: 5851
     0 | D:1      | 0 ||| qw: Melee chars always use a shield: true
     0 | D:1      | 0 ||| qw: God list: Okawaru
     0 | D:1      | 0 ||| qw: Allow faded altars: false
     0 | D:1      | 0 ||| qw: Do Orc after clearing Dungeon:15 true
     0 | D:1      | 0 ||| qw: Do second Lair branch before Depths: true
     0 | D:1      | 0 ||| qw: Lair rune preference: random
     0 | D:1      | 0 ||| qw: Goals: Normal
     0 | D:1      | 0 ||| PLANNING D:1-11
   224 | D:1      | Reached skill level 3 in Ranged Weapons
   224 | D:1      | Reached XP level 2. HP: 23/23 MP: 2/2
   694 | D:1      | 694 ||| UPGRADING to amulet of regeneration.
   699 | D:1      | 699 ||| UPGRADING to ring of resist corrosion.
   700 | D:1      | 700 ||| UPGRADING to ring of see invisible.
   701 | D:1      | 701 ||| READING 2 scrolls labelled LUR VUASYUVVE.
   702 | D:1      | 702 ||| READING scroll labelled RURGHO ILULIPLAHOO.
   703 | D:1      | 703 ||| READING scroll labelled INONEO TAIHIGE.
   704 | D:1      | 704 ||| READING 2 scrolls labelled SEGRUE PAORYME.
   705 | D:1      | 705 ||| READING scroll labelled QAUMID JALATH.
   706 | D:1      | 706 ||| DRINKING 2 fuming red potions.
   706 | D:1      | Gained mutation: Your flesh is cold resistant. (rC+)
                  | [potion of mutation]
   706 | D:1      | Gained mutation: Your flesh is heat resistant. (rF+)
                  | [potion of mutation]
   706 | D:1      | Gained mutation: You have sharp toenails. [potion of
                  | mutation]
   707 | D:1      | 707 ||| DROPPING scroll of poison.
   744 | D:2      | Noticed a scorpion
   751 | D:2      | HP: 5/24 [scorpion (7)]
   753 | D:2      | Killed a scorpion
   754 | D:2      | Reached skill level 4 in Ranged Weapons
   754 | D:2      | Reached XP level 3. HP: 3/29 MP: 3/3
   754 | D:2      | Reached XP level 4. HP: 4/36 MP: 4/4
   756 | D:2      | HP: 4/36 [poisoned by a scorpion]
   871 | D:2      | 871 ||| Stepping ~*~*~tactically~*~*~ (outnumbered).
   873 | D:2      | 873 ||| Stepping ~*~*~tactically~*~*~ (outnumbered).
   882 | D:2      | Reached skill level 5 in Ranged Weapons
   883 | D:2      | HP: 7/36 [gnoll/+0 spear (4)]
   886 | D:2      | Slain by a gnoll

Levels and vault maps discovered:
D:1:      dpeg_arrival_round_b, layout_loops_cross, minmay_split_cup_large
D:2:      layout_loops_ring

Skill      XL: |  1  2  3  4 |
---------------+-------------+-----
Ranged Weapons | 3 4 5 |  5.1
Fighting       | 2 |  2.0
Dodging        | |  2.1
Spellcasting   | |  1.0
Hexes          | |  2.0

Action                     |  1- 3 |  4- 6 || total
---------------------------+-------+-------++-------
   Fire: Sling             |    52 |    16 ||    68
    Use: Scroll            |     5 |       ||     5
         Potion            |     1 |       ||     1
 Armour: Robe              |     4 |       ||     4
  Dodge: Dodged            |    11 |     6 ||    17

Table legend:
 A = Non-vault XP
 B = Vault XP
 C = Vault XP percentage of total XP
 D = Non-vault monster count
 E = Vault monster count
 F = Vault count percentage of total count
                 A         B        C        D         E       F
            +---------+---------+-------+---------+---------+-------
      Total |     141 |       7 |   4.7 |      16 |       4 |  20.0
            +---------+---------+-------+---------+---------+-------
        D:1 |      23 |       7 |  23.3 |      11 |       4 |  26.7
        D:2 |     118 |       0 |   0.0 |       5 |       0 |   0.0
            +---------+---------+-------+---------+---------+-------
